Map: Blackpink LE

Players

Zest - Winner!

  • Race: Protoss Protoss
  • League: Master
  • Spawn Location: 7:00

NightEnD

  • Race: Protoss Protoss
  • League: Master
  • Spawn Location: 1:00

Event: HomeStory Cup XVI

VOD

Have the link to the VOD?

Description

Time

  • Played on: Nov. 10, 2017, 1:06 p.m.
  • Length: 8:57

All games in this series

Show
View Real Time Build Order
Export as new Build Order

Zest Protoss - Winner!

Build Orders:  

Get SALT Encoding   

  12  0:02  Probe (Chrono Boost)  
  14  0:14  Probe (Chrono Boost)  
  14  0:16  Pylon  
  14  0:25  Probe (Chrono Boost)  
  15  0:31  Probe (Chrono Boost)  
  16  0:38  Gateway  
  16  0:41  Probe (Chrono Boost)  
  17  0:47  Assimilator  
  17  0:53  Probe (Chrono Boost)  
  17  0:54  Assimilator  
  18  0:59  Probe (Chrono Boost)  
  19  1:07  Probe (Chrono Boost)  
  20  1:14  Gateway  
  21  1:19  Probe (Chrono Boost)  
  21  1:25  Cybernetics Core  
  21  1:31  Probe (Chrono Boost)  
  22  1:33  Pylon  
  22  1:43  Probe (Chrono Boost)  
  23  1:51  Warp Gate  
  24  1:55  Probe (Chrono Boost)  
  24  2:02  Stalker x2  
  24  2:08  Pylon  
  28  2:32  Sentry x2  
  32  2:39  Nexus  
  32  2:54  Robotics Facility  
  32  3:07  Stalker  
  32  3:08  Stalker  
  36  3:16  Pylon  
  36  3:29  Shield Battery  
  36  3:35  Shield Battery  
  36  3:36  Observer  
  37  3:41  Probe (Chrono Boost)  
  38  3:53  Probe x2 (Chrono Boost)  
  40  3:55  Immortal  
  40  4:05  Probe x2 (Chrono Boost)  
  46  4:12  Stalker x2  
  48  4:22  Shield Battery  
  48  4:24  Immortal  
  48  4:28  Shield Battery  
  52  4:46  Stalker x2  
  56  5:02  Probe (Chrono Boost)  
  56  5:03  Probe (Chrono Boost)  
  55  5:12  Immortal  
  60  5:16  Probe x2 (Chrono Boost)  
  61  5:28  Probe (Chrono Boost)  
  62  5:32  Pylon  
  62  5:40  Probe x2 (Chrono Boost)  
  62  5:47  Stalker  
  62  5:48  Stalker  
  62  5:50  Immortal  
  62  5:52  Probe x2 (Chrono Boost)  
  58  6:04  Probe x2 (Chrono Boost)  
  58  6:11  Stalker x2  
  58  6:16  Probe x2 (Chrono Boost)  
  58  6:18  Pylon  
  64  6:22  Probe x2 (Chrono Boost)  
  64  6:25  Twilight Council  
  64  6:30  Warp Prism, Probe (Chrono Boost)  
  64  6:31  Probe (Chrono Boost)  
  70  6:37  Pylon  
  70  6:50  Probe (Chrono Boost)  
  70  6:51  Resonating Glaives  
  63  6:58  Probe (Chrono Boost)  
  63  6:59  Stalker x2  
  69  7:02  Probe (Chrono Boost)  
  69  7:08  Assimilator, Immortal  
  69  7:09  Assimilator  
  69  7:14  Gateway  
  69  7:16  Gateway  
  69  7:17  Gateway  
  69  7:21  Gateway  
  69  7:29  Gateway  
  69  7:30  Gateway  
  69  7:35  Adept  
  69  7:36  Adept  
  73  7:40  Pylon  
  73  7:51  Immortal  
  77  7:52  Pylon  
  77  8:05  Adept x2  
  66  8:31  Adept x4  
  72  8:49  Adept x3  
  72  8:50  Adept  
  72  8:51  Adept x2  
Show
View Real Time Build Order
Export as new Build Order

NightEnD Protoss 

Build Orders: Zealot Archon 

Get SALT Encoding   

  12  0:02  Probe (Chrono Boost)  
  14  0:14  Probe (Chrono Boost)  
  14  0:20  Pylon  
  14  0:26  Probe (Chrono Boost)  
  15  0:37  Probe (Chrono Boost)  
  15  0:41  Gateway  
  16  0:43  Probe (Chrono Boost)  
  16  0:46  Assimilator  
  17  0:53  Assimilator  
  17  0:56  Probe (Chrono Boost)  
  18  1:08  Probe (Chrono Boost)  
  18  1:11  Gateway  
  19  1:20  Probe (Chrono Boost)  
  20  1:28  Cybernetics Core  
  21  1:33  Probe (Chrono Boost)  
  21  1:36  Pylon  
  21  1:43  Warp Gate  
  21  1:45  Probe (Chrono Boost)  
  22  1:57  Probe (Chrono Boost)  
  23  2:04  Stalker x2  
  27  2:22  Pylon  
  27  2:34  Stalker x2  
  30  3:04  Stalker x2  
  34  3:08  Probe (Chrono Boost), Pylon  
  35  3:23  Pylon  
  35  3:26  Gateway  
  35  3:42  Gateway  
  35  3:47  Stalker x2  
  39  3:49  Shield Battery  
  35  4:18  Stalker x2  
  37  4:32  Stalker  
  39  4:39  Twilight Council  
  39  4:42  Stalker, Adept x2  
  43  5:08  Charge  
  41  5:17  Nexus  
  41  5:24  Sentry  
  41  5:25  Probe (Chrono Boost)  
  44  5:28  Sentry  
  44  5:31  Probe (Chrono Boost)  
  47  5:41  Probe (Chrono Boost)  
  48  5:43  Adept x2  
  46  5:53  Probe (Chrono Boost)  
  43  6:01  Sentry  
  43  6:02  Sentry  
  46  6:04  Adept  
  46  6:05  Probe (Chrono Boost)  
  48  6:17  Probe (Chrono Boost)  
  49  6:30  Probe (Chrono Boost)  
  50  6:38  Probe (Chrono Boost)  
  51  6:42  Probe (Chrono Boost)  
  51  6:43  Zealot x4  
  56  6:50  Probe (Chrono Boost)  
  56  6:54  Probe (Chrono Boost)  
  46  7:03  Zealot x3  
  46  7:04  Zealot  
  52  7:10  Templar Archives  
  52  7:11  Probe (Chrono Boost)  
  52  7:13  Probe (Chrono Boost)  
  54  7:25  Zealot x3  
  54  7:26  Zealot  
  62  7:38  Gateway  
  62  7:39  Gateway  
  62  7:46  High Templar x2, Zealot  
  62  7:49  Zealot  
  62  7:50  Archon  
  70  7:58  Pylon  
  66  8:15  Zealot  
  66  8:16  Zealot  
  66  8:19  Zealot x2  
  50  8:27  Probe x2 (Chrono Boost)  
  48  8:37  High Templar x2, Zealot  
  48  8:38  Zealot  
  48  8:40  Pylon  
  52  8:42  Archon  
  52  8:53  Zealot  
Tags
 
Add a new tag
Caveats
  • Supply blocks, unpowered buildings, or Contaminate may cause inaccurate times.
  • Supply counts are checked every 10 seconds.